 Dungeon Crawl Stone Soup version 0.25-a0-857-g60a0bcd8b5 (webtiles) character file.

Game seed: 3797457389419541610, levelgen mode: deterministic

1592 Error4North the Cleaver (level 8, -6/71 HPs)
             Began as a Hill Orc Fighter on Apr 26, 2020.
             Mangled by an orc warrior
             ... wielding a +0 scimitar
              (9 damage)
             ... on level 6 of the Dungeon.
             The game lasted 00:17:01 (5374 turns).

Error4North the Cleaver (Hill Orc Fighter)          Turns: 5374, Time: 00:17:03

Health: -6/71      AC:  6    Str: 21    XL:     8   Next: 93%
Magic:  8/8        EV:  6    Int:  8    God:
Gold:   213        SH: 10    Dex: 10    Spells: 7/7 levels left

rFire    . . .     SeeInvis .   a - +0 war axe
rCold    . . .     Gourm    .   c - +0 kite shield
rNeg     . . .     Faith    .   n - +0 chain mail
rPois    .         Spirit   .   (no helmet)
rElec    .         Reflect  .   w - +0 cloak
rCorr    .         Harm     .   (no gloves)
MR       .....                  e - +2 pair of boots
Stlth    ..........             (no amulet)
HPRegen  0.21/turn              (no ring)
MPRegen  0.11/turn              (no ring)

@: corroded, drained
A: no striking features
a: no special abilities


You were on level 6 of the Dungeon.
You were very hungry.

You visited 2 branches of the dungeon, and saw 7 of its levels.
You also visited: Sewer.

You collected 213 gold pieces.

Inventory:

Hand Weapons
 a - a +0 war axe (weapon)
Armour
 c - a +0 kite shield (worn)
 e - a +2 pair of boots (worn)
 n - a +0 chain mail (worn)
 w - a +0 cloak (worn)
Jewellery
 j - an uncursed ring of fire {unknown}
 l - an uncursed ring of fire {unknown}
Scrolls
 h - 4 scrolls of identify {unknown}
 m - 4 scrolls of fear {unknown}
 p - 2 scrolls of magic mapping
 r - 2 scrolls of remove curse {unknown}
 s - a scroll of fog {unknown}
 u - a scroll of amnesia {unknown}
 v - a scroll of noise {unknown}
Potions
 b - 2 potions of heal wounds
 d - a potion of magic
 i - 3 potions of lignification
 k - 2 potions of stabbing {unknown}
 o - 5 potions of brilliance {unknown}
 q - a potion of might
Comestibles
 f - 10 rations


   Skills:
 * Level 6.4(5.5) Fighting
 + Level 8.4(7.5) Axes
 * Level 6.1(5.1) Armour
 + Level 1.8(1.0) Dodging
 + Level 0.3(0.0) Stealth
 * Level 7.0(6.1) Shields


You had 7 spell levels left.
You didn't know any spells.
Your spell library was empty.

Dungeon Overview and Level Annotations

Branches:
Dungeon (6/15)             Temple (1/1) D:5           Sewer (visited)

Altars:
Ashenzari
Dithmenos
Hepliaklqana
Kikubaaqudgha
Makhleb
Qazlal
Ru
Trog
Uskayaw
Vehumet
Xom
Zin
The Shining One

Shops:
D:6 %

Annotations:
D:4 3 runed translucent doors, emiel's ghost, novice FoFi
D:5 2 runed translucent doors
D:6 Blork the orc


Message History

You closely miss something. You barely miss something.
You barely miss the orc warrior.
You feel less wooden.
Your +0 cloak unmelds from your body.
Your +2 pair of boots unmelds from your body.
Your +0 chain mail unmelds from your body.
You block the worker ant's attack. The worker ant bites you.
The orc warrior hits you with a +0 scimitar!
* * * LOW HITPOINT WARNING * * *
Something hits you!
* * * LOW HITPOINT WARNING * * *
You feel drained.
You feel better.
The worker ant bites you but does no damage.
Something hits you but does no damage.
You feel drained. Something hits you!
* * * LOW HITPOINT WARNING * * *
You feel drained.
* * * LOW HITPOINT WARNING * * *
The orc warrior hits you with a +0 scimitar!
You die...

.. ........
#..####.##.##. .....
...........##.#....
#.......##.##.#... ...
#..####.##.##.#..# ....
#.##.##.#..## ....
#.##.##.#...##....
#.##.............
.#@)o..............
#.....oa.....#.##.###.#
....#...#####...........
.. #.... #....##.##..
#.... #....##.##.#
##.... #....+......
#.... #....###.#.#
#..... #....# #.# #
###+## #.# #


You could see an orc warrior, a worker ant and an orc.

Vanquished Creatures
  Sigmund (D:5)
  A sky beast (D:5)
  An ogre (D:2)
  5 big kobolds (Sewer)
  2 scorpions
  A howler monkey (D:5)
  A crimson imp (D:6)
  3 hounds
  A jelly (D:6)
  4 orc priests
  A centaur skeleton (D:4)
  5 orc wizards
  An iguana (D:3)
  Jessica (D:2)
  2 worker ants
  2 river rats (D:3)
  6 adders
  6 oozes
  6 worms
  A dart slug (D:1)
  4 leopard geckos
  19 orcs
  9 ball pythons
  8 giant cockroaches
  3 goblins
  5 hobgoblins
  10 jackals
  A quokka (D:4)
  A bat (D:1)
  4 frilled lizards
  12 kobolds
  A quokka skeleton (D:4)
  9 rats
137 creatures vanquished.

Notes
Turn   | Place    | Note
-------+----------+-------------------------------------------
     0 | D:1      | Error4North the Hill Orc Fighter began the quest for the
                  | Orb.
     0 | D:1      | Reached XP level 1. HP: 19/19 MP: 1/1
   140 | D:1      | Reached XP level 2. HP: 26/26 MP: 2/2
   448 | D:1      | You fall into a shaft and drop 1 floor!
   454 | D:2      | Reached XP level 3. HP: 33/33 MP: 3/3
   525 | D:2      | Reached skill level 3 in Axes
   593 | D:2      | Noticed an ogre
   643 | D:2      | Noticed Jessica
  1083 | D:2      | Killed Jessica
  1083 | D:2      | Reached XP level 4. HP: 40/40 MP: 4/4
  1208 | D:2      | Killed an ogre
  1208 | D:2      | Reached skill level 4 in Axes
  1208 | D:2      | Reached XP level 5. HP: 32/47 MP: 5/5
  1527 | D:3      | Found a bloodstained altar of Trog.
  1699 | D:3      | Reached XP level 6. HP: 44/53 MP: 6/6
  1701 | D:3      | Found a glowing drain.
  1710 | Sewer    | Entered a sewer
  1743 | Sewer    | Reached skill level 5 in Axes
  1838 | Sewer    | Reached skill level 5 in Shields
  2111 | Sewer    | Reached skill level 5 in Fighting
  2111 | Sewer    | Reached skill level 1 in Dodging
  2111 | Sewer    | Reached XP level 7. HP: 61/61 MP: 7/7
  2197 | Sewer    | Reached skill level 6 in Axes
  2544 | Sewer    | Reached skill level 5 in Armour
  3550 | D:4      | Reached skill level 7 in Axes
  3551 | D:4      | Reached XP level 8. HP: 49/70 MP: 8/8
  3662 | D:4      | Noticed an angel
  3663 | D:4      | Found a shimmering altar of Xom.
  3663 | D:4      | Found a glowing silver altar of Zin.
  3944 | D:4      | Found a runed translucent gate.
  3944 | D:4      | Found a runed translucent gate.
  3945 | D:4      | Found a runed translucent gate.
  3947 | D:4      | Noticed emiel's ghost (novice FoFi)
  4284 | D:5      | Entered Level 5 of the Dungeon
  4445 | D:5      | Found a runed translucent door.
  4446 | D:5      | Found a runed translucent door.
  4927 | D:5      | Noticed Sigmund
  4943 | D:5      | Killed Sigmund
  4943 | D:5      | Reached skill level 8 in Axes
  4950 | D:5      | Found a staircase to the Ecumenical Temple.
  4956 | Temple   | Entered the Ecumenical Temple
  5263 | D:6      | Found Laisaidd's Food Emporium.
  5351 | D:6      | Noticed Blork the orc
  5374 | D:6      | HP: 3/71 [something (1)]
  5374 | D:6      | Mangled by an orc warrior

Levels and vault maps discovered:
D:1:      dpeg_arrival_shelter, layout_loops_ring, chequers_avenue,
          wander_ebering_terrifying_dragon_lair
D:2:      layout_loops_ring, uniq_jessica
D:3:      layout_loops_corners, bloody_trog, portal_sewer_entry_b
D:4:      layout_gridville, grunt_temple_overflow_order_and_chaos_1,
          gammafunk_ghost_necromancy, moated_statue, grunt_ministairs_9,
          minmay_misc_feat_secret_circle
D:5:      lemuel_insect_pit, layout_loops_ring, minmay_temple_entry_fiery,
          first_ration, hangedman_decor_clover_reticule, corexii_corridor_pit,
          st_stairs_4, kennysheep_generic_room_3, uniq_sigmund
D:6:      layout_basic, gammafunk_ghost_arena, serial_shops, kennysheep_mini,
          shop, nicolae_shop_statue_plus, uniq_blork_the_orc
Temple:   eino_wide_crystal_templ

Skill      XL: |  1  2  3  4  5  6  7  8 |
---------------+-------------------------+-----
Axes           | 3 4 5 7 8 |  8.4
Fighting       | 4 5 6 |  6.4
Shields        | 4 5 7 |  7.0
Armour         | 4 5 6 |  6.1
Dodging        | 1 |  1.8
Stealth        | |  0.3

Action                   |  1- 3 |  4- 6 |  7- 9 || total
-------------------------+-------+-------+-------++-------
Melee: War axe           |    77 |   157 |   368 ||   602
  Use: Scroll            |     1 |       |     1 ||     2
       Potion            |       |     2 |     5 ||     7
  Eat: Chunk             |     1 |     3 |    11 ||    15
Armor: Scale mail        |    39 |       |       ||    39
       Chain mail        |     4 |    75 |   177 ||   256
       Skin              |       |       |    39 ||    39
Dodge: Dodged            |    30 |    26 |    57 ||   113
Block: Kite shield       |    42 |    77 |   187 ||   306

Table legend:
 A = Non-vault XP
 B = Vault XP
 C = Vault XP percentage of total XP
 D = Non-vault monster count
 E = Vault monster count
 F = Vault count percentage of total count
                 A         B        C        D         E       F
            +---------+---------+-------+---------+---------+-------
      Total |    1279 |     996 |  43.8 |      97 |      40 |  29.2
            +---------+---------+-------+---------+---------+-------
        D:1 |      33 |       1 |   2.9 |      16 |       1 |   5.9
        D:2 |     178 |      37 |  17.2 |      19 |       1 |   5.0
        D:3 |     225 |      34 |  13.1 |      26 |       5 |  16.1
        D:4 |     287 |      33 |  10.3 |      20 |       1 |   4.8
        D:5 |     332 |     304 |  47.8 |       7 |       4 |  36.4
        D:6 |     224 |       0 |   0.0 |       9 |       0 |   0.0
      Sewer |       0 |     587 | 100.0 |       0 |      28 | 100.0
            +---------+---------+-------+---------+---------+-------
